 Dungeon Crawl Stone Soup version 0.28-a0-1227-ga9037bb4c8 (webtiles) character file.

Game seed: 6688724473157535482

6205 Gwenloh the Destroyer (level 10, 0/69 HPs)
             Began as a Grey Draconian Conjurer on Dec 23, 2021.
             Slain by Erica (2 damage)
             ... on level 9 of the Dungeon.
             The game lasted 00:33:53 (12690 turns).

Gwenloh the Destroyer (Grey Draconian Conjurer)    Turns: 12690, Time: 00:33:54

Health: 0/69       AC: 13    Str:  9    XL:     10   Next: 61%
Magic:  10/22      EV: 11    Int: 22    God:
Gold:   588        SH:  4    Dex: 11    Spells: 8/26 levels left

rFire   . . .      SeeInvis .   D - +1 scimitar (vamp)
rCold   . . .      Faith    .   F - +0 buckler
rNeg    . . .      Spirit   .   (armour unavailable)
rPois   .          Reflect  .   (helmet restricted)
rElec   .          Harm     .   (no cloak)
rCorr   .          Rampage  .   (no gloves)
Will    .....                   k - +0 pair of boots
Stlth   ++........              (no amulet)
HPRegen 0.21/turn               (no ring)
MPRegen 0.18/turn               (no ring)

@: slowed, very slow
A: AC +12, amphibious, unfitting armour, cold-blooded
a: no special abilities


You were on level 9 of the Dungeon.
You visited 2 branches of the dungeon, and saw 10 of its levels.
You also visited: Ossuary.

You collected 588 gold pieces.

Inventory:

Hand Weapons
 e - a +0 mace of draining
 D - a +1 vampiric scimitar (weapon)
Armour
 k - a +0 pair of boots (worn)
 F - a +0 buckler (worn)
Magical Staves
 d - a staff of cold
Jewellery
 w - a ring of see invisible
 y - a ring of fire
Wands
 o - a wand of paralysis (13)
 z - a wand of digging (4)
 B - a wand of iceblast (3)
 E - a wand of polymorph (7)
Scrolls
 c - 2 scrolls of amnesia {unknown}
 h - a scroll of blinking {unknown}
 l - 3 scrolls of enchant weapon
 m - a scroll of noise {unknown}
 n - 3 scrolls of fog
 p - 3 scrolls of silence
 q - a scroll of enchant armour {unknown}
 t - 2 scrolls of summoning
 v - a scroll of teleportation {unknown}
 C - a scroll of fear {unknown}
Potions
 a - 2 potions of mutation {unknown}
 b - 3 potions of lignification {unknown}
 f - 2 potions of flight {unknown}
 g - 3 potions of might {unknown}
 i - a potion of ambrosia
 j - 7 potions of curing
 r - 2 potions of attraction {unknown}
 s - 3 potions of degeneration {unknown}
 u - 2 potions of berserk rage {unknown}
 x - a potion of brilliance {unknown}
 A - a potion of invisibility {unknown}


   Skills:
 - Level 1.7 Dodging
 - Level 1.7 Stealth
 + Level 3.0 Shields
 + Level 8.7 Spellcasting
 + Level 10.1 Conjurations
 - Level 5.4 Hexes
 + Level 6.4 Translocations


You had 8 spell levels left.
You knew the following spells:

 Your Spells              Type           Power      Damage    Failure   Level
a - Magic Dart            Conj           100%       1d8       1%          1
b - Searing Ray           Conj           100%       2d8       1%          2
c - Dazzling Flash        Conj/Hex       86%        N/A       1%          3
d - Fulminant Prism       Conj/Hex       21%        3d13      3%          4
e - Iskenderun's Mystic   Conj/Tloc      46%        2d10      2%          4
f - Cause Fear            Hex            16%        N/A       9%          4

Your spell library contained the following spells:

 Spells                   Type           Power      Damage    Failure   Level
 Apportation              Tloc           74%        N/A       1%          1
 Ensorcelled Hibernation  Hex/Ice        42%        N/A       3%          2
 Animate Skeleton         Necr           18%        N/A       8%          1
 Summon Small Mammal      Summ           36%        N/A       8%          1
 Spider Form              Tmut/Pois      9%         N/A       22%         3
 Dragon Form              Tmut           4%         N/A       100%        7
 Dragon's Call            Summ           4%         N/A       100%        9


Dungeon Overview and Level Annotations

Branches:
Dungeon (9/15)             Temple (1/1) D:7         Ossuary (visited)
   Lair: D:8-11         Orc: D:9-12

Altars:
Ashenzari
Cheibriados
Dithmenos
Elyvilon
Fedhas
Gozag
Hepliaklqana
Kikubaaqudgha
Makhleb
Nemelex Xobeh
Okawaru
Qazlal
Ru
Trog
Uskayaw
Vehumet
Wu Jian
Xom
Yredelemnul
The Shining One

Annotations:
D:6 2 transporters, Panino's ghost, amateur DrTm
D:9 Erica


Innate Abilities, Weirdness & Mutations

Your dull iron-grey scales are very hard. (AC +12)
You are amphibious.
You cannot fit into any form of body armour.
You are cold-blooded and may be slowed by cold attacks.


Message History

(Press . to maintain the ray.)
You feel very sick. Erica casts a spell at you.
You feel yourself slow down.
The searing ray hits Erica but does no damage.
Erica is lightly wounded.
You feel very sick.
Erica hits you with a +2 scimitar of flaming!
Erica burns you.
The searing ray hits Erica!
Erica is moderately wounded.
You feel sick. Erica closely misses you.
The searing ray hits Erica!
Erica is moderately wounded.
You finish channelling your searing ray.
You feel sick. Erica barely misses you.
Erica hits you with a +2 scimitar of flaming!
* * * LOW HITPOINT WARNING * * *
Erica burns you.
* * * LOW HITPOINT WARNING * * *
Casting: Searing Ray (safe; 1% risk of failure)
Confirm with . or Enter, or press ? or * to list all spells.
Aiming: Fulminant Prism (dangerous; 3% risk of failure)
Press: ? - help, Dir - move target, f/p - Erica
Aim: Erica, wielding a +2 scimitar of flaming, wearing a +0 robe and wearing a +4 ring of protection (moderately wounded)
Okay, then.
Casting: Fulminant Prism (dangerous; 3% risk of failure)
Confirm with . or Enter, or press ? or * to list all spells.
You erupt in a blast of force!
The mystic blast hits Erica!
Erica is heavily wounded.
Erica is knocked back by the mystic blast.
Erica slams into the rock wall!
Erica is severely wounded.
* * * LOW HITPOINT WARNING * * *
You feel sick.
You feel better.
Erica hits you with a +2 scimitar of flaming.
* * * LOW HITPOINT WARNING * * *
Erica burns you.
You die...

#.#.## #.# #.# #.#.
..###.####.# #.# #.#.
#.# ##.....###.# #.#.
## # #.......##.#
##.#.
.#.#.####.##.##...
#.##.# #.#...#.### #.
#.# #...#.....# #. #.#
###...#.#.# ##.##@#
##.##.#.#
#...@.#######.##.#.##
#..<..#..............
#.###.#.#####.##.#.##
#.##....#####.##.#.#
#.#.....##.......#.###
#..........:..###.....
#.#.....##.#......#...
#.##....##.#.######...


You could see Erica.

Vanquished Creatures
  A troll (D:9)
  Sigmund (D:2)
  3 wyverns
  6 yaks (D:8)
  A wraith (D:9)
  3 steam dragons
  Menkaure (D:5)
  2 acid dragons
  3 water moccasins
  5 orc warriors
  An ice beast (D:8)
  A sky beast (D:6)
  5 ogres
  2 hornet zombies
  2 centaurs
  2 phantoms
  2 kobold brigands
  A gnoll sergeant (D:5)
  A wyvern zombie (D:8)
  3 scorpions
  A wyvern skeleton (D:7)
  A water moccasin skeleton (D:6)
  2 howler monkeys (D:9)
  3 wights (D:8)
  2 centaur zombies
  2 bullfrog skeletons
  A bullfrog zombie (D:3)
  2 orc priests
  2 hounds
  5 jellies
  Ijyb (D:5)
  4 orc wizards
  2 iguanas
  8 mummies (Ossuary)
  A howler monkey skeleton (D:4)
  Robin (D:4)
  12 gnolls
  A howler monkey zombie (D:6)
  7 adders
  A white imp (D:8)
  A worm (D:4)
  6 dart slugs
  22 orcs
  8 endoplasms
  4 giant cockroaches
  13 goblins
  13 hobgoblins
  12 jackals
  12 kobolds
  2 quokkas
  5 ball pythons
  6 bats
  2 hobgoblin zombies (Ossuary)
  4 kobold zombies (Ossuary)
  2 orc zombies (Ossuary)
  7 rats
  A spectral orc (D:6)
225 creatures vanquished.

Vanquished Creatures (others)
  25 fulminant prisms
25 creatures vanquished.

Grand Total: 250 creatures vanquished

Notes
Turn   | Place    | Note
-------+----------+-------------------------------------------
     0 | D:1      | Gwenloh the Draconian Conjurer began the quest for the Orb.
     0 | D:1      | Reached XP level 1. HP: 14/14 MP: 3/3
   357 | D:1      | Reached XP level 2. HP: 20/20 MP: 3/5
   360 | D:1      | Learned a level 2 spell: Searing Ray
   908 | D:1      | Reached XP level 3. HP: 26/26 MP: 4/7
   912 | D:1      | Learned a level 3 spell: Dazzling Flash
  1471 | D:2      | Reached skill level 1 in Hexes
  1471 | D:2      | Reached XP level 4. HP: 33/33 MP: 1/8
  1593 | D:2      | Noticed Sigmund
  1608 | D:2      | Killed Sigmund
  1609 | D:2      | Reached skill level 5 in Conjurations
  1609 | D:2      | Reached XP level 5. HP: 13/38 MP: 5/10
  1729 | D:2      | Reached XP level 6. HP: 26/45 MP: 3/11
  2894 | D:3      | Learned a level 4 spell: Fulminant Prism
  2940 | D:3      | Found an ancient bone altar of Kikubaaqudgha.
  3474 | D:3      | Your scales start taking on a dull iron-grey colour.
  3474 | D:3      | Reached XP level 7. HP: 16/50 MP: 0/13
  3692 | D:4      | Noticed Robin
  3696 | D:4      | Reached skill level 6 in Conjurations
  4193 | D:4      | Killed Robin
  4288 | D:3      | Reached skill level 5 in Spellcasting
  4452 | D:4      | Found a blossoming altar of Fedhas.
  4754 | D:4      | Found a glowing golden altar of the Shining One.
  4814 | D:4      | Reached XP level 8. HP: 57/57 MP: 7/16
  5093 | D:5      | Entered Level 5 of the Dungeon
  5297 | D:5      | Reached skill level 7 in Conjurations
  5512 | D:5      | Noticed Menkaure
  5515 | D:5      | Killed Menkaure
  5673 | D:5      | Reached skill level 5 in Hexes
  6132 | D:5      | Noticed Ijyb
  6139 | D:5      | Killed Ijyb
  6386 | D:5      | Learned a level 4 spell: Iskenderun's Mystic Blast
  6448 | D:6      | Found a basalt altar of Yredelemnul.
  6607 | D:6      | Reached skill level 1 in Translocations
  6705 | D:6      | Found a transporter.
  6760 | D:6      | Reached skill level 8 in Conjurations
  6760 | D:6      | Reached XP level 9. HP: 62/62 MP: 14/18
  6867 | D:6      | Noticed Panino's ghost (amateur DrTm)
  6889 | D:6      | Found a sand-covered staircase.
  6898 | Ossuary  | Entered an ossuary
  7940 | D:6      | Found a transporter.
  8621 | D:7      | Learned a level 4 spell: Cause Fear
  8843 | D:7      | Found a staircase to the Ecumenical Temple.
  9169 | Temple   | Entered the Ecumenical Temple
  9433 | D:7      | Reached skill level 9 in Conjurations
  9971 | D:8      | Reached skill level 5 in Translocations
 10121 | D:8      | Reached XP level 10. HP: 69/69 MP: 4/22
 11142 | D:8      | Reached skill level 1 in Shields
 12192 | D:9      | Reached skill level 10 in Conjurations
 12376 | D:9      | Identified the +1 leather armour of Omission {rN+}
 12523 | D:9      | Noticed Erica
 12688 | D:9      | HP: 3/69 [Erica (6)]
 12689 | D:9      | HP: 1/69 [poisoned by Erica (bolt of poison)]
 12690 | D:9      | Slain by Erica

Illustrated notes

Levels and vault maps discovered:
D:1:      dpeg_arrival_shelter, layout_basic
D:2:      layout_rooms, uniq_sigmund
D:3:      layout_loops_cross, overflow_temple_1_default, minmay_statues_item,
          chequers_mini_garden
D:4:      layout_rooms, mainiacjoe_overflow_cross_hatched,
          nicolae_tso_swordbearing_angel, minmay_starry_boxes, uniq_robin
D:5:      layout_basic, uniq_ijyb, uniq_menkaure
D:6:      layout_basic, yredelemnul_forgotten_temple_becter,
          chequers_ossuary_entry_cave, gammafunk_ghost_hive
D:7:      layout_gridville, minmay_temple_entry_offerings, minmay_checkerbox
D:8:      layout_gridville, st_stairs_10, mrwooster_statue_mirror
D:9:      layout_loops_ring, uniq_erica
Temple:   lightli_temple_of_artemis

Skill      XL: |  1  2  3  4  5  6  7  8  9 10 |
---------------+-------------------------------+-----
Spellcasting   | 3 4 5 6 8 |  8.7
Hexes          | 1 2 3 4 5 |  5.4
Conjurations   | 5 6 8 9 10 | 10.1
Translocations | 1 5 6 |  6.4
Shields        | 3 |  3.0
Dodging        | |  1.7
Stealth        | |  1.7

Action                   |  1- 3 |  4- 6 |  7- 9 | 10-12 || total
-------------------------+-------+-------+-------+-------++-------
Melee: Short sword       |    20 |       |       |       ||    20
       Mace              |       |     8 |     7 |       ||    15
       Tailslap          |       |       |     2 |     1 ||     3
       Scimitar          |       |       |       |     6 ||     6
 Cast: Magic Dart        |    63 |    68 |   203 |    35 ||   369
       Searing Ray       |     3 |    20 |    51 |    28 ||   102
       Fulminant Prism   |       |       |    20 |     5 ||    25
       Iskenderun's Myst |       |       |     4 |     9 ||    13
  Use: Potion            |       |     2 |       |     1 ||     3
       Scroll            |       |     1 |       |     4 ||     5
Armor: Skin              |    11 |    15 |    38 |    15 ||    79
Dodge: Dodged            |    17 |    18 |    72 |    24 ||   131
Block: Buckler           |       |       |       |     4 ||     4

Table legend: (Time is in decaauts)
 A = Elapsed time spent in this place.
 B = Non-inter-level travel time spent in this place.
 C = Inter-level travel time spent in this place.
 D = Time resting spent in this place.
 E = Time spent auto-exploring this place.
 F = Levels seen in this place.
 G = Mean time per level.
                   A        B        C        D        E       F      G
               +--------+--------+--------+--------+--------+-----+--------+
         Total |  12734 |  12419 |    315 |   3889 |   6532 |  11 | 1157.6 |
       Dungeon |  11957 |  11659 |    298 |   3495 |   6449 |   9 | 1328.6 |
        Temple |    106 |     89 |     17 |      0 |     83 |   1 |  106.0 |
       Ossuary |    669 |    669 |      0 |    394 |      0 |   1 |  669.0 |
               +--------+--------+--------+--------+--------+-----+--------+

Top non-repeatable levels by time:
     D:8: 2377 daAuts
     D:3: 1763 daAuts
     D:7: 1621 daAuts
     D:1: 1533 daAuts
     D:5: 1223 daAuts
     D:4: 1102 daAuts
     D:6: 903 daAuts
     D:2: 835 daAuts
 Ossuary: 669 daAuts
     D:9: 597 daAuts
  Temple: 106 daAuts
